 Dungeon Crawl Stone Soup version 0.29.1-12-g30fa7ad0bf (webtiles) character file.

Game seed: 7092381222949999702

53 Radix the Sneak (level 4, -9/28 HPs)
             Began as a Kobold Brigand on Dec 15, 2022.
             Mangled by a gnoll
             ... wielding a +0 halberd
              (12 damage)
             ... on level 2 of the Dungeon.
             The game lasted 00:08:23 (1763 turns).

Radix the Sneak (Kobold Brigand)                    Turns: 1763, Time: 00:08:24

Health: -9/28      AC:  3    Str: 14    XL:     4   Next: 11%
Magic:  4/4        EV: 14    Int: 12    God:
Gold:   77         SH:  0    Dex: 18    Spells: 3/3 levels left

rFire   . . .      SeeInvis .   l - +0 sling
rCold   . . .      Faith    .   (no shield)
rNeg    . . .      Spirit   .   b - +0 robe
rPois   .          Reflect  .   (no helmet)
rElec   .          Harm     .   c - +0 cloak
rCorr   .          Rampage  .   (no gloves)
Will    .....                   (no boots)
Stlth   ++++......              (no amulet)
HPRegen 0.09/turn               q - +6 ring of strength
MPRegen 0.09/turn               (no ring)

@: no status effects
A: small, no large weapons, nightstalker 3
a: no special abilities


You were on level 2 of the Dungeon.
You visited 1 branch of the dungeon, and saw 2 of its levels.

You collected 77 gold pieces.

Inventory:

Hand Weapons
 a - a +2 dagger
 l - a +0 sling (weapon)
Missiles
 d - 9 poisoned darts
 e - 3 curare-tipped darts
 i - a throwing net
Armour
 b - a +0 robe (worn)
 c - a +0 cloak (worn)
 j - a +0 buckler
Jewellery
 q - a +6 ring of strength (left hand)
Scrolls
 f - a scroll of teleportation {unknown}
 g - a scroll of fear {unknown}
 k - 3 scrolls of identify {unknown}
 m - a scroll of immolation {unknown}
 n - a scroll of amnesia {unknown}
Potions
 h - a potion of lignification {unknown}
 o - a potion of haste {unknown}
 p - a potion of brilliance {unknown}
 r - a potion of invisibility {unknown}


   Skills:
 - Level 3.4 Fighting
 - Level 3.6 Short Blades
 + Level 2.2 Ranged Weapons
 - Level 2.1 Throwing
 - Level 1.2 Dodging
 - Level 5.3 Stealth


You had 3 spell levels left.
You didn't know any spells.
Your spell library was empty.

Dungeon Overview and Level Annotations

Branches:
Dungeon (2/15)

Altars:


Innate Abilities, Weirdness & Mutations

You are small and have problems with some larger weapons.
You are completely attuned to the shadows.


Message History

Fire: l) +0 sling
Press: ? - help, Q - select action, (/) - cycle Shift-Dir - straight line, f/p - rat
Aim: a rat (60% to hit)
You shoot a sling bullet. The sling bullet barely misses the rat.
Fire: l) +0 sling
Press: ? - help, Q - select action, (/) - cycle Shift-Dir - straight line, f/p - rat
Aim: a rat (60% to hit)
You shoot a sling bullet. The sling bullet barely misses the rat.
The rat barely misses you.
Fire: l) +0 sling
Press: ? - help, Q - select action, (/) - cycle Shift-Dir - straight line, f/p - rat
Aim: a rat (60% to hit)
You shoot a sling bullet. The sling bullet barely misses the rat.
The rat bites you.
Fire: l) +0 sling
Press: ? - help, Q - select action, (/) - cycle Shift-Dir - straight line, f/p - rat
Aim: a rat (60% to hit)
You shoot a sling bullet. The sling bullet hits the rat.
You kill the rat!
Unknown command.
As you open the door, it creaks loudly!
A gnoll comes into view. It is wielding a +0 whip.
Fire: l) +0 sling
Press: ? - help, Q - select action, (/) - cycle Shift-Dir - straight line, f - gnoll
Aim: a gnoll, wielding a +0 whip (asleep, 98% to hit)
You shoot a sling bullet. The sling bullet hits the gnoll.
The gnoll shouts!
The gnoll is moderately wounded.
You hear a shout! x2
A gnoll comes into view. It is wielding a +0 club.
A gnoll comes into view. It is wielding a +0 halberd.
A gnoll comes into view. It is wielding a +2 spear of freezing.
There is an open door here.
The gnoll barely misses you. The gnoll hits you with a +0 whip!
The gnoll hits you from afar with a +0 halberd!
The gnoll hits you from afar with a +0 halberd!
* * * LOW HITPOINT WARNING * * *
There is an open door, spattered with blood here.
The gnoll hits you from afar with a +0 halberd!
You die...

####†..##...#
#....#.##.#.####
##..##...#
##.#.#........ )
#.###...#
#.#.#.##.#.###
### #####
#.#.#.##.#.# #.#
####### #.#
#.....####.#
#.....#...♣♣
#.....#@##♣
#.....'g##.♣ ⌠g
#....g####.# .g.
#.....# #.#♣♣♣g♣
+.....####.#♣.g♣
#.>...'.g...♣.♣
#.....####..♣.♣
..........#.g♣♣
#########.#.#♣


You could see 2 gnolls.

Vanquished Creatures
  A ball python (D:1)
  10 bats
  2 endoplasms (D:1)
  A giant cockroach (D:1)
  2 goblins
  6 hobgoblins
  2 quokkas
  4 frilled lizards (D:1)
  4 kobolds
  23 rats
55 creatures vanquished.

Notes
Turn   | Place    | Note
-------+----------+-------------------------------------------
     0 | D:1      | Radix the Kobold Brigand began the quest for the Orb.
     0 | D:1      | Reached XP level 1. HP: 12/12 MP: 1/1
   168 | D:1      | Reached XP level 2. HP: 17/18 MP: 2/2
   502 | D:1      | Reached XP level 3. HP: 23/23 MP: 3/3
  1045 | D:1      | Reached skill level 1 in Ranged Weapons
  1436 | D:2      | Reached XP level 4. HP: 15/28 MP: 4/4
  1763 | D:2      | Mangled by a gnoll

Illustrated notes

Levels and vault maps discovered:
D:1:      psy_arrival_terrarium, layout_loops_corners
D:2:      layout_basic, shapermc_ecumenical_altar_totnotflames, minmay_rat_hole,
          uniq_robin

Skill      XL: |  1  2  3  4 |
---------------+-------------+-----
Short Blades   | 3 |  3.6
Fighting       | 3 |  3.4
Ranged Weapons | 1 2 |  2.2
Throwing       | |  2.1
Dodging        | |  1.2
Stealth        | |  5.3

Action                   |  1- 3 |  4- 6 || total
-------------------------+-------+-------++-------
Melee: Dagger            |    86 |       ||    86
 Fire: Sling             |    35 |    11 ||    46
Throw: Dart              |     1 |       ||     1
 Stab: Sleeping          |     6 |       ||     6
Armor: Robe              |    18 |     2 ||    20
Dodge: Dodged            |    55 |     2 ||    57
